 Dungeon Crawl Stone Soup version 0.28.0 (webtiles) character file.

Game seed: 12664919498411536755

12165 danielguo94 the Basher (level 11, -3/67 HPs)
             Began as a Gargoyle Fighter on Feb 5, 2022.
             Was a Follower of the Shining One.
             Slain by a black mamba (9 damage)
             ... on level 2 of the Lair of Beasts.
             The game lasted 00:14:05 (10895 turns).

danielguo94 the Basher (Gargoyle Fighter)          Turns: 10895, Time: 00:14:05

Health: -3/67      AC: 26    Str: 22    XL:     11   Next: 89%
Magic:  0/14       EV: 11    Int:  9    God:    the Shining One [*.....]
Gold:   463        SH:  6    Dex: 17    Spells: 10/10 levels left

rFire   + . .      SeeInvis .   K - +0 flail (protect)
rCold   . . .      Faith    .   c - +0 buckler
rNeg    + . .      Spirit   +   B - +2 scale mail {rF+}
rPois   ∞          Reflect  .   o - +0 helmet
rElec   +          Harm     .   (no cloak)
rCorr   .          Rampage  .   (no gloves)
Will    .....                   (no boots)
Stlth   ..........              f - amulet of guardian spirit
HPRegen 0.21/turn               k - +6 ring of dexterity
MPRegen 0.14/turn               x - ring of flight

@: under a protective aura, flying, glowing
A: sickness immunity, AC +8, negative energy resistance 1, electricity
resistance, torment resistance 1, petrification resistance
a: Renounce Religion, Divine Shield


You were on level 2 of the Lair of Beasts.
You worshipped the Shining One.
The Shining One was aware of your devotion.
You visited 3 branches of the dungeon, and saw 12 of its levels.

You collected 607 gold pieces.
You spent 144 gold pieces at shops.

Inventory:

Hand Weapons
 K - a +0 flail of protection (weapon)
Missiles
 e - 2 boomerangs
 g - 4 throwing nets (quivered)
 i - 263 stones
 y - 4 curare-tipped darts
 J - 2 atropa-tipped darts
Armour
 c - a +0 buckler (worn)
 o - a +0 helmet (worn)
 B - a +2 scale mail of fire resistance (worn)
Jewellery
 f - an amulet of guardian spirit (around neck)
 k - a +6 ring of dexterity (left hand)
 m - a ring of ice
 x - a ring of flight (right hand)
Wands
 a - a wand of acid (7)
 t - a wand of iceblast (4)
Scrolls
 h - a scroll of immolation {unknown}
 l - 3 scrolls of fog
 p - 4 scrolls of blinking
 r - 2 scrolls of teleportation
 u - 2 scrolls of enchant armour
 w - a scroll of magic mapping {unknown}
 z - a scroll of enchant weapon {unknown}
 F - a scroll of vulnerability {unknown}
 H - 2 scrolls of fear
 I - a scroll of brand weapon {unknown}
 L - a scroll of silence {unknown}
Potions
 d - 3 potions of might
 j - 2 potions of invisibility
 n - 2 potions of lignification
 q - a potion of curing
 s - a potion of berserk rage
 v - a potion of cancellation {unknown}
 A - 2 potions of heal wounds
 C - a potion of mutation {unknown}
 D - a potion of flight {unknown}
 E - 3 potions of magic
 G - a potion of degeneration {unknown}
 M - a potion of ambrosia {unknown}


   Skills:
 + Level 7.4 Fighting
 * Level 13.9 Maces & Flails
 + Level 8.2 Armour
 + Level 3.6 Dodging
 + Level 6.3 Shields
 * Level 5.1 Invocations
 + Level 1.7 Evocations


You had 10 spell levels left.
You didn't know any spells.
Your spell library contained the following spells:

 Spells                   Type           Power      Damage    Failure   Level
 Freeze                   Ice            0%         1d3       75%         1
 Magic Dart               Conj           0%         1d3       75%         1
 Sting                    Tmut/Pois      0%         1d3       75%         1
 Call Imp                 Summ           0%         N/A       87%         2
 Corpse Rot               Necr/Air       0%         N/A       87%         2
 Poisonous Vapours        Pois/Air       0%         N/A       87%         2
 Searing Ray              Conj           0%         2d4       87%         2
 Frozen Ramparts          Ice            0%         1d2       98%         3
 Mephitic Cloud           Conj/Pois/Air  0%         N/A       98%         3
 Fulminant Prism          Conj/Hex       0%         3d6       100%        4
 Hailstorm                Conj/Ice       0%         3d3       100%        4
 Olgreb's Toxic Radiance  Pois           0%         N/A       100%        4


Dungeon Overview and Level Annotations

Branches:
Dungeon (9/15)             Temple (1/1) D:5            Lair (2/6) D:8
 Shoals (0/4) Lair:2
  Snake: Lair:2-4    Spider: Lair:2-4       Orc: D:9-12

Altars:
Ashenzari
Cheibriados
Dithmenos
Elyvilon
Fedhas
Gozag
Hepliaklqana
Kikubaaqudgha
Makhleb
Nemelex Xobeh
Okawaru
Qazlal
Ru
Sif Muna
Trog
Uskayaw
Vehumet
Wu Jian
Xom
Yredelemnul
Zin
The Shining One

Shops:
D:5 *


Innate Abilities, Weirdness & Mutations

You are immune to sickness and miasma.
Your stone body is resilient. (AC +8)
You are immune to poison.
You resist negative energy. (rN+)
You are resistant to electric shocks. (rElec)
You are resistant to unholy torment.
You are immune to petrification.


Message History

You hit the cane toad but do no damage.
The cane toad is heavily wounded.
The black mamba bites you!
Unknown command.
You are too injured to fight recklessly!
Unknown command.
You are too injured to fight recklessly!
Unknown command.
You are too injured to fight recklessly!
Unknown command.
You thump the cane toad!
The cane toad is severely wounded.
The cane toad stings you!
* * * LOW HITPOINT WARNING * * *
The black mamba bites you.
* * * LOW HITPOINT WARNING * * *
You hit the cane toad but do no damage.
The cane toad is severely wounded.
The black mamba bites you but does no damage.
The cane toad stings you but does no damage.
You block the black mamba's attack.
Unknown command.
You sock the cane toad!
You kill the cane toad!
The black mamba bites you!
* * * LOW HITPOINT WARNING * * *
You hit the black mamba.
The black mamba is lightly wounded.
The black mamba misses you.
You completely miss the black mamba.
The black mamba is lightly wounded.
You block the black mamba's attack.
The black mamba bites you but does no damage.
You closely miss the black mamba.
The black mamba is lightly wounded.
The black mamba bites you but does no damage.
You barely miss the black mamba.
The black mamba is lightly wounded.
The black mamba bites you!
You die...

###P.......)...........
.......#)P)......P.P...
#....#.#..P.......P.P..#
#......†........PP..#...
........................
....[................#P≈
......##.###.##..##.#≈≈§
#.....#### ####...P.P#≈§
#....## #.@...##≈§
.....## #S†....≈.§
......# #.........
..##### #.........
..#### ..........
..#..#P## .#.#.......
......... ... .......
#.P##.#. . ## .#.....
#.##


You could see a black mamba.

Vanquished Creatures
  Harold (D:7)
  2 hydras
  3 two-headed ogres
  Pikel (D:8)
  A black mamba (Lair:2)
  4 cane toads
  2 komodo dragons
  A hornet (D:9)
  3 blink frogs (Lair:1)
  6 yaks (D:8)
  A shadow (D:9)
  Sigmund (D:4)
  A basilisk (D:8)
  A steam dragon (D:7)
  5 water moccasins
  6 ice beasts
  An orc warrior (D:5)
  A black bear (D:8)
  A necrophage (D:8)
  2 ogres
  3 wolves (Lair:2)
  7 centaurs
  7 bullfrogs
  2 scorpions (D:6)
  A water moccasin skeleton (D:7)
  6 killer bees
  A howler monkey (D:4)
  A centaur zombie (D:8)
  A bullfrog zombie (D:6)
  2 hounds (D:5)
  3 jellies
  An orc priest (D:8)
  A centaur skeleton (D:3)
  Ijyb (D:3)
  An iguana (D:6)
  8 orc wizards
  Natasha (thrice) (D:2)
  A mummy (D:5)
  Robin (D:2)
  4 gnolls
  5 adders
  A shadow imp (D:8)
  A white imp (D:8)
  36 orcs
  9 ball pythons
  4 endoplasms
  2 giant cockroaches
  12 goblins
  9 hobgoblins
  2 jackals (D:1)
  8 kobolds
  2 quokkas
  7 bats
  3 frilled lizards (D:2)
  3 hobgoblin zombies (D:5)
  A kobold zombie (D:5)
  3 rats
207 creatures vanquished.

Vanquished Creatures (others)
  39 fungi
  47 plants
86 creatures vanquished.

Grand Total: 293 creatures vanquished

Notes
Turn   | Place    | Note
-------+----------+-------------------------------------------
     0 | D:1      | danielguo94 the Gargoyle Fighter began the quest for the
                  | Orb.
     0 | D:1      | Reached XP level 1. HP: 14/14 MP: 1/1
   151 | D:1      | Reached XP level 2. HP: 19/19 MP: 2/2
   263 | D:1      | Found a faded altar of an unknown god.
   521 | D:2      | Noticed Robin
   548 | D:1      | Reached XP level 3. HP: 12/23 MP: 3/3
   801 | D:2      | Reached skill level 3 in Maces & Flails
   918 | D:2      | Killed Robin
   936 | D:2      | Reached XP level 4. HP: 25/28 MP: 4/4
  1047 | D:2      | Found an ancient bone altar of Kikubaaqudgha.
  1110 | D:2      | Noticed Natasha
  1118 | D:2      | Killed Natasha
  1243 | D:2      | Noticed Natasha
  1254 | D:2      | Killed Natasha
  1297 | D:2      | Noticed Natasha
  1324 | D:2      | Killed Natasha
  1325 | D:2      | Reached skill level 4 in Maces & Flails
  1325 | D:2      | Reached XP level 5. HP: 10/33 MP: 5/5
  1579 | D:3      | Noticed Ijyb
  1592 | D:3      | Killed Ijyb
  2124 | D:3      | Reached XP level 6. HP: 38/38 MP: 6/6
  2377 | D:4      | Found a shimmering blue altar of Sif Muna.
  2377 | D:4      | Found a hazy altar of Hepliaklqana.
  2378 | D:4      | Found a bloodstained altar of Trog.
  2379 | D:4      | Found a blossoming altar of Fedhas.
  2379 | D:4      | Found a glowing silver altar of Zin.
  2379 | D:4      | Found a shadowy altar of Dithmenos.
  2380 | D:4      | Found a snail-covered altar of Cheibriados.
  2380 | D:4      | Found an opulent altar of Gozag.
  2395 | D:4      | Reached skill level 5 in Maces & Flails
  2530 | D:4      | Reached skill level 1 in Dodging
  2724 | D:4      | Noticed Sigmund
  2739 | D:4      | Killed Sigmund
  2740 | D:4      | Reached skill level 6 in Maces & Flails
  2740 | D:4      | Reached XP level 7. HP: 31/43 MP: 7/7
  2921 | D:4      | Identified the +1 robe "Latued" {rC+ Dex+6 Stlth-}
  3396 | D:5      | Entered Level 5 of the Dungeon
  3401 | D:5      | Found Paro's General Store.
  3402 | D:5      | Found Amaiskiu's Specific Store.
  3408 | D:5      | Bought a scroll of identify for 30 gold pieces
  3412 | D:5      | Bought a scroll of blinking for 90 gold pieces
  3412 | D:5      | Bought a scroll of identify for 24 gold pieces
  3586 | D:5      | Reached skill level 5 in Armour
  3586 | D:5      | Reached XP level 8. HP: 16/48 MP: 1/8
  3803 | D:5      | Reached skill level 7 in Maces & Flails
  3877 | D:5      | Found a glowing golden altar of the Shining One.
  4380 | D:5      | Found a staircase to the Ecumenical Temple.
  4389 | Temple   | Entered the Ecumenical Temple
  4703 | D:5      | Became a worshipper of the Shining One
  4828 | D:5      | Reached skill level 8 in Maces & Flails
  5049 | D:6      | Found a sacrificial altar of Ru.
  5644 | D:6      | Reached XP level 9. HP: 53/53 MP: 9/9
  5900 | D:7      | Reached skill level 9 in Maces & Flails
  6098 | D:7      | Found a white marble altar of Elyvilon.
  6200 | D:7      | Found a basalt altar of Yredelemnul.
  6210 | D:7      | Noticed Harold
  6223 | D:7      | Killed Harold
  6224 | D:7      | Reached skill level 5 in Fighting
  6224 | D:7      | Reached skill level 10 in Maces & Flails
  6224 | D:7      | Reached skill level 1 in Evocations
  6733 | D:8      | Reached skill level 5 in Shields
  7105 | D:8      | Reached XP level 10. HP: 35/59 MP: 10/10
  7119 | D:8      | Found a staircase to the Lair.
  7195 | D:8      | Noticed a two-headed ogre
  7254 | D:8      | Reached skill level 11 in Maces & Flails
  7254 | D:8      | Reached skill level 1 in Invocations
  8293 | D:8      | HP: 3/60 [two-headed ogre (19)]
  8316 | D:8      | Killed a two-headed ogre
  8412 | D:8      | Noticed Pikel
  8422 | D:8      | Killed Pikel
  8423 | D:8      | Reached skill level 12 in Maces & Flails
  8986 | D:9      | Noticed a two-headed ogre
  8987 | D:9      | Noticed a two-headed ogre
  8991 | D:9      | Killed a two-headed ogre
  8992 | D:9      | Reached XP level 11. HP: 66/66 MP: 13/13
  8994 | D:9      | Killed a two-headed ogre
  9236 | D:9      | Reached * piety under the Shining One
  9253 | D:9      | Found a stormy altar of Qazlal.
  9479 | Lair:1   | Entered Level 1 of the Lair of Beasts
  9479 | Lair:1   | Noticed a seven-headed hydra
  9491 | D:8      | Killed a seven-headed hydra
  9492 | D:8      | Reached skill level 13 in Maces & Flails
 10237 | Lair:1   | Noticed a five-headed hydra
 10245 | Lair:1   | Killed a five-headed hydra
 10625 | Lair:2   | Found a staircase to the Shoals.
 10864 | Lair:2   | Reached skill level 5 in Invocations
 10895 | Lair:2   | Slain by a black mamba

Illustrated notes

Levels and vault maps discovered:
D:1:      evilmike_arrival_home_sweet_home, layout_rooms, basic_ecumenical_altar
D:2:      layout_rooms, basic_altar, uniq_natasha, uniq_robin
D:3:      layout_rooms, chequers_serial_rivers_micro_c, corexii_shack,
          hangedman_abyss_or_decor_stabs, minivault_27, uniq_ijyb
D:4:      layout_loops_ring, grunt_temple_overflow_open, uniq_sigmund
D:5:      layout_basic, mainiacjoe_overflow_alcove_4, temple_hall,
          nicolae_specific_store, minmay_mini_ossuary
D:6:      layout_basic, nicolae_ru_great_annihilating_truth
D:7:      layout_gridville, elyvilon_altar_4, kennysheep_mini_moat, uniq_harold
D:8:      layout_cave_pods, due_lair_maze_entry_diamond, roderic_lattice_a,
          uniq_pikel
D:9:      layout_small_grid, lemuel_doored_altar
Temple:   jpeg_temple_island
Lair:1:   layout_regular_city
Lair:2:   layout_gridlike, minmay_shoals_entry_centaurs,
          kennysheep_abandoned_house, uniq_fannar

Skill      XL: |  1  2  3  4  5  6  7  8  9 10 11 |
---------------+----------------------------------+-----
Maces & Flails | 3 4 6 8 10 12 13 | 13.9
Armour         | 4 5 6 7 8 |  8.2
Fighting       | 4 5 6 7 |  7.4
Dodging        | 1 2 3 |  3.6
Shields        | 4 5 6 |  6.3
Evocations     | 1 |  1.7
Invocations    | 3 5 |  5.1

Action                   |  1- 3 |  4- 6 |  7- 9 | 10-12 || total
-------------------------+-------+-------+-------+-------++-------
Melee: Flail             |   120 |   167 |   344 |   396 ||  1027
Evoke: Wand              |       |     5 |     8 |     6 ||    19
  Use: Scroll            |       |       |    12 |     5 ||    17
       Potion            |       |       |     4 |     1 ||     5
Armor: Scale mail        |    60 |    83 |   163 |   247 ||   553
Dodge: Dodged            |    64 |    71 |   170 |   179 ||   484
Block: Buckler           |    30 |    40 |    90 |    95 ||   255
